 Dungeon Crawl Stone Soup version 0.26-a0-20-g5f92b90fa0 (webtiles) character file.

Game seed: 14139681612281418341, levelgen mode: deterministic

11084 Arthanis the Cleaver (level 11, -7/74 HPs)
             Began as a Gargoyle Berserker on May 25, 2020.
             Was a High Priest of Trog.
             Mangled by an orc warrior
             ... wielding a +0 broad axe
              (15 damage)
             ... on level 12 of the Dungeon.
             The game lasted 00:14:55 (10743 turns).

Arthanis the Cleaver (Gargoyle Berserker)          Turns: 10743, Time: 00:14:56

Health: -7/74      AC: 23    Str: 21    XL:     11   Next: 72%
Magic:  13/13      EV: 15    Int: 11    God:    Trog [*****.]
Gold:   365        SH:  0    Dex:  9    Spells: 10/10 levels left

rFire    . . .     SeeInvis .   G - +3 battleaxe (freeze)
rCold    . . .     Gourm    .   (shield currently unavailable)
rNeg     + . .     Faith    .   d - +0 plate armour
rPois    ∞         Spirit   .   (no helmet)
rElec    +         Reflect  .   s - +0 cloak
rCorr    .         Harm     .   (no gloves)
MR       .....                  t - +0 pair of boots
Stlth    ..........             (no amulet)
HPRegen  0.22/turn              p - +4 ring of evasion
MPRegen  0.13/turn              C - +4 ring of evasion

@: about to teleport, berserk cooldown, slowed, very slow
A: negative energy resistance 1, electricity resistance, unbreathing,
petrification resistance, rot immunity, AC +8
a: Berserk, Trog's Hand, Brothers in Arms, Renounce Religion


You were on level 12 of the Dungeon.
You worshipped Trog.
Trog was extremely pleased with you.
You were near starving.

You visited 1 branch of the dungeon, and saw 12 of its levels.

You collected 713 gold pieces.
You spent 348 gold pieces at shops.

Inventory:

Hand Weapons
 a - a +0 hand axe
 z - a +0 halberd
 A - a +0 broad axe
 D - a +1 vorpal war axe
 G - a +3 battleaxe of freezing (weapon)
 R - the +6 long sword of Victory {freeze, +Fly, unknown}
   (You found it on level 11 of the Dungeon)

   It has been specially enchanted to freeze those struck by it, causing extra
   injury to most foes and up to half again as much damage against particularly
   susceptible opponents.
   It can also slow down cold-blooded creatures.
   It lets you fly.
Missiles
 Q - a throwing net (quivered)
Armour
 b - a +0 animal skin
 d - a +0 plate armour (worn)
 s - a +0 cloak (worn)
 t - a +0 pair of boots (worn)
 E - a +2 robe of cold resistance
Jewellery
 f - an uncursed ring of stealth
 j - an uncursed ring of magical power
 p - a +4 ring of evasion (left hand)
 B - an uncursed ring of protection from fire
 C - a +4 ring of evasion (right hand)
Wands
 H - a wand of acid (8)
 I - a wand of flame (10)
 J - a wand of polymorph (4)
 T - a wand of disintegration (12)
Scrolls
 g - 6 scrolls of remove curse
 i - 3 scrolls of immolation
 l - 8 scrolls of teleportation
 u - 3 scrolls of enchant armour
 w - a scroll of fog
 y - 3 scrolls of enchant weapon
 F - 3 scrolls of identify
 K - a scroll of silence {unknown}
 N - a scroll of magic mapping {unknown}
Potions
 e - 2 potions of mutation
 h - 2 potions of cancellation
 k - a potion of might
 m - a potion of resistance
 n - 2 potions of curing
 o - 2 potions of stabbing
 q - 3 potions of heal wounds
 r - a potion of haste
 v - 2 potions of brilliance
 x - a potion of invisibility
 L - a potion of berserk rage {unknown}
 M - a potion of lignification {unknown}
 O - a potion of flight {unknown}
 P - a potion of ambrosia {unknown}
Comestibles
 c - 17 rations


   Skills:
 + Level 11.1 Fighting
 * Level 12.6 Axes
 - Level 6.0 Armour
 - Level 2.0 Dodging
 + Level 3.8 Evocations


You had 10 spell levels left.
You didn't know any spells.
Your spell library contained the following spells:

 Spells                   Type           Power        Failure   Level  Hunger
 Animate Skeleton         Necr           N/A          100%        1    ##.....
 Apportation              Tloc           #.....       100%        1    ##.....
 Corona                   Hex            #......      100%        1    ##.....
 Magic Dart               Conj           #...         100%        1    ##.....
 Summon Small Mammal      Summ           #...         100%        1    ##.....
 Blink                    Tloc           N/A          100%        2    ###....
 Call Imp                 Summ           #.......     100%        2    ###....
 Slow                     Hex            #.......     100%        2    ###....
 Conjure Flame            Conj/Fire      #.......     100%        3    ####...
 Mephitic Cloud           Conj/Pois/Air  #.......     100%        3    ####...


Dungeon Overview and Level Annotations

Branches:
Dungeon (12/15)            Temple (0/1) D:6            Lair (0/6) D:10
    Orc: D:9-12

Altars:
Ashenzari
Fedhas
Gozag
Makhleb
Ru
Uskayaw
Vehumet
The Shining One
Beogh

Shops:
D:5 *!   D:6 ?%*:   D:8 (


Innate Abilities, Weirdness & Mutations

You are resistant to torment.
Your stone body is resilient. (AC +8)
You are immune to poison.
You resist negative energy. (rN+)
You are resistant to electric shocks. (rElec)
You can survive without breathing.
You are immune to petrification.
You are immune to rotting.


Message History

The orc enters a dispersal trap!
The orc warrior blinks!
The orc priest blinks!
The orc blinks!
The orc warrior blinks! x2
The orc warrior hits you with a +0 broad axe!
The orc warrior misses you.
The orc warrior hits you with a +0 broad axe!
The orc warrior hits you with a cursed -3 dire flail.
The orc priest calls down the wrath of Beogh upon you.
Beogh smites you!
* * * LOW HITPOINT WARNING * * *
As you read the scroll of teleportation, it crumbles to dust.
You feel strangely unstable. The orc warrior misses you. x2
The orc warrior hits you but does no damage.
The orc hits you but does no damage. x2
Your skin stops crawling.
You feel less resistant to hostile enchantments.
The orc warrior hits you with a cursed -3 dire flail!
* * * LOW HITPOINT WARNING * * *
The orc warrior barely misses you.
The orc warrior hits you with a +0 broad axe!
You die... ..... o.o.. oo.oo. ###ooooo. # #.o.ooooo

###. #)#######
.....#####oo.# ..#
........ooo..# ..#
#....@ooo..# ..#
#..######o.# ..# #
#..# ..# #.^# ..#
#..######.O#####..####
........§§ooo.........
.>..........oooo......
######################


You could see 3 orc warriors and 6 orcs.

Vanquished Creatures
  Erica (D:9)
  4 two-headed ogres
  Sonja (D:11)
  An unseen horror (D:11)
  A hippogriff (D:9)
  A wraith (D:11)
  14 yaks
  A hungry ghost (D:8)
  A steam dragon (D:7)
  4 orc warriors
  Purgy (D:4)
  2 sky beasts
  5 ice beasts
  2 black bears
  5 centaurs
  An ogre (D:9)
  2 phantoms
  A crocodile (D:10)
  A big kobold (D:10)
  2 bullfrogs
  2 scorpions
  3 wights (D:9)
  7 electric eels (D:10)
  5 howler monkeys
  5 crimson imps
  A quasit (D:6)
  A bullfrog zombie (D:10)
  A jelly (D:7)
  2 orc priests (D:11)
  2 centaur skeletons
  2 hounds
  4 orc wizards
  4 iguanas
  7 worker ants
  A hound zombie (D:9)
  A worker ant zombie (D:6)
  4 gnolls (D:7)
  6 adders
  2 shadow imps
  5 worms
  A dart slug (D:3)
  9 leopard geckos
  8 orcs
  A ball python (D:1)
  7 giant cockroaches
  6 goblins
  8 hobgoblins
  13 jackals
  16 kobolds
  7 bats
  8 frilled lizards
  A quokka zombie (D:5)
  5 rats
  5 fungi (D:10)
  3 plants (D:10)
214 creatures vanquished.

Notes
Turn   | Place    | Note
-------+----------+-------------------------------------------
     0 | D:1      | Arthanis the Gargoyle Berserker began the quest for the
                  | Orb.
     0 | D:1      | Reached XP level 1. HP: 14/14 MP: 1/1
   241 | D:1      | Reached XP level 2. HP: 17/19 MP: 2/2
   324 | D:1      | Reached skill level 3 in Axes
   716 | D:1      | Reached XP level 3. HP: 23/23 MP: 3/3
  1041 | D:2      | Reached ** piety under Trog
  1212 | D:2      | Reached XP level 4. HP: 24/29 MP: 4/4
  2087 | D:3      | Reached skill level 4 in Axes
  2087 | D:3      | Reached XP level 5. HP: 28/33 MP: 5/5
  2271 | D:3      | Found a glowing golden altar of the Shining One.
  2647 | D:4      | Noticed Purgy
  2653 | D:4      | Reached *** piety under Trog
  2664 | D:4      | Killed Purgy
  2664 | D:4      | Reached XP level 6. HP: 35/39 MP: 6/6
  3146 | D:4      | Found a burning altar of Makhleb.
  3486 | D:5      | Entered Level 5 of the Dungeon
  3526 | D:5      | Found Oluw's General Store.
  3537 | D:5      | Bought 2 scrolls of teleportation for 72 gold pieces
  3537 | D:5      | Bought a scroll of random uselessness for 12 gold pieces
  3537 | D:5      | Bought a +0 pair of boots for 54 gold pieces
  3610 | D:5      | Reached skill level 5 in Axes
  3635 | D:5      | Found Eprefuxt's Distillery.
  3640 | D:5      | Bought a potion of curing for 39 gold pieces
  3644 | D:5      | Noticed a sky beast
  3673 | D:5      | Killed a sky beast
  3673 | D:5      | Reached skill level 5 in Fighting
  3673 | D:5      | Reached XP level 7. HP: 44/44 MP: 7/7
  4065 | D:5      | Found a shattered altar of Ashenzari.
  4282 | D:6      | Found Kedoudgh's Food Boutique.
  4329 | D:6      | Found Niudex's General Store.
  4334 | D:6      | Bought a scroll of identify for 24 gold pieces
  4334 | D:6      | Bought a potion of degeneration for 12 gold pieces
  4334 | D:6      | Bought a scroll of identify for 24 gold pieces
  4334 | D:6      | Bought a scroll of teleportation for 36 gold pieces
  4374 | D:6      | Reached skill level 6 in Axes
  4379 | D:6      | Reached skill level 5 in Armour
  4544 | D:6      | Found a staircase to the Ecumenical Temple.
  4585 | D:6      | Reached XP level 8. HP: 50/51 MP: 8/8
  4623 | D:6      | Found Igaots's Book Shoppe.
  4662 | D:6      | Found Adaipeapt's Magic Scroll Emporium.
  4667 | D:6      | Bought a scroll of identify for 30 gold pieces
  4667 | D:6      | Bought a scroll of teleportation for 45 gold pieces
  5180 | D:7      | Noticed a +0 hand axe
  5181 | D:7      | Found a hide-covered altar of Uskayaw.
  5181 | D:7      | Noticed a -1 dagger
  5294 | D:7      | Reached skill level 7 in Axes
  6047 | D:8      | Reached XP level 9. HP: 57/57 MP: 9/9
  6113 | D:8      | Found a radiant altar of Vehumet.
  6127 | D:8      | Reached **** piety under Trog
  6158 | D:8      | Reached skill level 8 in Axes
  6489 | D:8      | Found a blossoming altar of Fedhas.
  6489 | D:8      | Found a sacrificial altar of Ru.
  6601 | D:8      | Noticed a two-headed ogre
  6609 | D:8      | Killed a two-headed ogre
  6609 | D:8      | Reached skill level 9 in Axes
  6774 | D:8      | Found an opulent altar of Gozag.
  7057 | D:8      | Found Geg Kipike's Antique Weapon Shoppe.
  7337 | D:9      | Noticed Erica
  7354 | D:9      | Killed Erica
  7354 | D:9      | Reached skill level 10 in Axes
  7354 | D:9      | Reached XP level 10. HP: 60/66 MP: 10/10
  8086 | D:10     | Entered Level 10 of the Dungeon
  8351 | D:10     | Reached skill level 11 in Axes
  8371 | D:10     | Reached skill level 10 in Fighting
  8714 | D:10     | Reached skill level 1 in Evocations
  8797 | D:10     | Noticed a two-headed ogre
  8805 | D:10     | Killed a two-headed ogre
  8805 | D:10     | Reached XP level 11. HP: 73/73 MP: 10/12
  9073 | D:10     | Found a staircase to the Lair.
  9193 | D:10     | Reached ***** piety under Trog
  9620 | D:11     | Noticed a two-headed ogre
  9626 | D:11     | Killed a two-headed ogre
  9626 | D:11     | Reached skill level 12 in Axes
  9746 | D:11     | Killed an unseen horror
  9864 | D:11     | Got a jewelled long sword
  9883 | D:11     | Noticed a two-headed ogre
  9888 | D:11     | Killed a two-headed ogre
 10090 | D:11     | Noticed Sonja
 10123 | D:11     | Killed Sonja
 10710 | D:12     | Found a roughly hewn altar of Beogh.
 10743 | D:12     | Mangled by an orc warrior

Illustrated notes

Levels and vault maps discovered:
D:1:      moated_graveyard_arrival, layout_loops_corners, minmay_heptomino_o4
D:2:      layout_basic, serial_rivers, chequers_serial_rivers_small_b,
          chequers_serial_rivers_micro_e, chequers_serial_rivers_micro_d,
          chequers_serial_rivers_micro_d, chequers_serial_rivers_small_3,
          st_stairs_14
D:3:      layout_basic, tso_metal_star, first_ration
D:4:      layout_basic, bloody_makhleb, uniq_purgy
D:5:      layout_cave_pools, lemuel_doored_altar, serial_shops, shop,
          kennysheep_little_box, nrook_mini_vaults
D:6:      layout_loops_ring, minmay_temple_entry_mini_moons, serial_shops,
          kennysheep_mini_moat, shop, nicolae_shop_statue_plus, shop
D:7:      layout_loops_cross, dancing_weapons_uskayaw
D:8:      layout_loops_corners, nicolae_gozag_cash_rules_everything_around_me,
          nicolae_overflow_crystal_walls, gammafunk_temple_overflow_wave,
          serial_shops, nicolae_shop_window_shopping
D:9:      layout_irregular_city, uniq_erica
D:10:     layout_loops_ring, grunt_lair_entry_orc_guard_hut, serial_bayou,
          serial_bayou_shore_a, serial_bayou_crossing, serial_bayou_pond_c,
          serial_bayou_lagoon_b, serial_bayou_pond_d
D:11:     layout_basic, uniq_sonja
D:12:     layout_small_grid, orc_0_dummy, special_room [special_room_orc]

Skill      XL: |  1  2  3  4  5  6  7  8  9 10 11 |
---------------+----------------------------------+-----
Axes           | 3 4 5 6 7 10 11 12 | 12.6
Dodging        | 2 |  2.0
Armour         | 3 4 5 6 |  6.0
Fighting       | 4 5 7 9 10 11 | 11.1
Evocations     | 1 3 |  3.8

Action                   |  1- 3 |  4- 6 |  7- 9 | 10-12 || total
-------------------------+-------+-------+-------+-------++-------
Melee: Hand axe          |   102 |   254 |   257 |       ||   613
       Broad axe         |       |       |    39 |       ||    39
       War axe           |       |       |   102 |    54 ||   156
       Battleaxe         |       |       |       |   198 ||   198
Invok: Berserk           |     1 |     2 |     5 |     5 ||    13
       Trog's Hand       |       |       |       |     2 ||     2
Evoke: Wand              |       |       |       |     9 ||     9
  Use: Scroll            |       |       |    17 |     1 ||    18
  Eat: Chunk             |     1 |    10 |    15 |    12 ||    38
       Ration            |       |       |     1 |     1 ||     2
Armor: Plate armour      |    73 |   194 |   260 |   128 ||   655
Dodge: Dodged            |    31 |   142 |   274 |   201 ||   648

Table legend:
 A = Non-vault XP
 B = Vault XP
 C = Vault XP percentage of total XP
 D = Non-vault monster count
 E = Vault monster count
 F = Vault count percentage of total count
                 A         B        C        D         E       F
            +---------+---------+-------+---------+---------+-------
      Total |   13259 |    2576 |  16.3 |     193 |      13 |   6.3
            +---------+---------+-------+---------+---------+-------
        D:1 |      31 |       5 |  13.9 |      17 |       3 |  15.0
        D:2 |      70 |       2 |   2.8 |      25 |       1 |   3.8
        D:3 |      84 |       0 |   0.0 |      19 |       0 |   0.0
        D:4 |     179 |     132 |  42.4 |      14 |       1 |   6.7
        D:5 |     526 |       0 |   0.0 |      13 |       0 |   0.0
        D:6 |     355 |       0 |   0.0 |      10 |       0 |   0.0
        D:7 |     773 |       0 |   0.0 |      13 |       0 |   0.0
        D:8 |    1644 |       0 |   0.0 |      16 |       0 |   0.0
        D:9 |    1914 |     944 |  33.0 |      18 |       1 |   5.3
       D:10 |    3085 |     536 |  14.8 |      26 |       5 |  16.1
       D:11 |    4474 |     820 |  15.5 |      21 |       1 |   4.5
       D:12 |     124 |     137 |  52.5 |       1 |       1 |  50.0
            +---------+---------+-------+---------+---------+-------
